 Dungeon Crawl Stone Soup version 0.29.1-4-g47bece8355 (webtiles) character file.

Game seed: 485075493655348284

48 DoIIoM the Caller (level 3, -3/21 HPs)
             Began as an Octopode Summoner on Dec 2, 2022.
             Slain by Natasha (10 damage)
             ... on level 2 of the Dungeon.
             The game lasted 00:03:29 (1700 turns).

DoIIoM the Caller (Octopode Summoner)               Turns: 1700, Time: 00:03:30

Health: -3/21      AC:  1    Str:  7    XL:     3   Next: 72%
Magic:  7/7        EV: 13    Int: 19    God:
Gold:   63         SH:  4    Dex: 12    Spells: 5/7 levels left

rFire   . . .      SeeInvis .   e - +0 mace
rCold   . . .      Faith    .   (no shield)
rNeg    . . .      Spirit   .   (helmet restricted)
rPois   .          Reflect  .   (no amulet)
rElec   .          Harm     .   (no ring)
rCorr   .          Rampage  .   (no ring)
Will    .....                   (no ring)
Stlth   +++.......              (no ring)
HPRegen 0.07/turn               (no ring)
MPRegen 0.10/turn               (no ring)
                                (no ring)
                                (no ring)

@: attractive, slowed, very slow
A: almost no armour, amphibious, 8 rings, camouflage 1, gelatinous body 1,
(nimble swimmer 1), tentacles, large bone plates 1
a: no special abilities


You were on level 2 of the Dungeon.
You visited 1 branch of the dungeon, and saw 2 of its levels.

You collected 63 gold pieces.

Inventory:

Hand Weapons
 b - a +0 hand axe
 e - a +0 mace (weapon)
Missiles
 l - a throwing net
Scrolls
 d - a scroll of brand weapon {unknown}
 g - a scroll of amnesia
 h - a scroll of noise {unknown}
 k - a scroll of teleportation {unknown}
 n - a scroll of blinking {unknown}
Potions
 a - a potion of magic
 c - a potion of mutation
 f - a potion of attraction
 i - a potion of haste {unknown}
 j - a potion of heal wounds
 m - a potion of curing {unknown}


   Skills:
 - Level 2.0 Dodging
 - Level 3.0 Stealth
 + Level 2.9 Spellcasting
 + Level 4.6 Summonings


You had 5 spell levels left.
You knew the following spells:

 Your Spells              Type           Power      Damage    Failure   Level
b - Call Imp              Summ           20%        N/A       3%          2

Your spell library contained the following spells:

 Spells                   Type           Power      Damage    Failure   Level
 Summon Small Mammal      Summ           80%        N/A       2%          1
 Call Canine Familiar     Summ           20%        N/A       7%          3
 Summon Guardian Golem    Hex/Summ       11%        N/A       19%         3
 Static Discharge         Conj/Air       2%         3-4/arc   24%         2
 Stone Arrow              Conj/Erth      4%         3d7       43%         3
 Summon Lightning Spire   Summ/Air       11%        N/A       52%         4
 Animate Dead             Necr           2%         N/A       83%         4
 Borgnjor's Vile Clutch   Necr/Erth      1%         N/A       99%         5
 Lightning Bolt           Conj/Air       1%         1d12      99%         5
 Death Channel            Necr           1%         N/A       100%        6
 Lehudib's Crystal Spear  Conj/Erth      1%         10d2      100%        8
 Maxwell's Capacitive Co  Air            1%         ∞         100%        8
 Animate Armour           Summ/Erth      Unusable   N/A       N/A         4

Dungeon Overview and Level Annotations

Branches:
Dungeon (2/15)

Altars:

Annotations:
D:2 Natasha


Innate Abilities, Weirdness & Mutations

You cannot wear most types of armour.
You are amphibious.
You can wear up to eight rings at the same time.
Your skin changes colour to match your surroundings (Stealth+).
Your rubbery body absorbs attacks. (AC +1, EV +1)
((You are camouflaged when in or above water. (Stealth+)))
You have tentacles for arms and can constrict up to eight enemies at once.
You are partially covered in large bone plates. (SH +4)


Message History

Natasha closely misses your crimson imp.
The kobold misses you.
Unknown command.
The quokka attacks as you move away! You block the quokka's attack.
Your crimson imp hits the ball python.
The ball python dies!
The kobold hits you with a +0 club. The quokka bites you.
* * * LOW HITPOINT WARNING * * *
Your crimson imp hits Natasha.
Unknown command.
The quokka attacks as you move away! The quokka misses you.
The quokka bites you but does no damage.
Okay, then.
Unknown command.
You hit the quokka but do no damage. You grab the quokka.
You squeeze the quokka.
You kill the quokka!
Your crimson imp misses the kobold.
Natasha completely misses you.
Your crimson imp hits the kobold but does no damage.
The crimson imp grins evilly.
Unknown command.
You miss Natasha. Your grab misses Natasha.
Natasha is moderately wounded.
Your crimson imp closely misses the kobold.
Natasha claws you but does no damage. The iron imp misses your crimson imp.
Your crimson imp hits the kobold.
The kobold dies!
You block Natasha's attack.
The crimson imp blinks!
The white imp is attracted toward you.
Unknown command.
You closely miss Natasha. Your grab misses Natasha. You squeeze Natasha!
Natasha is almost dead.
Your crimson imp blinks!
Natasha barely misses you. x2
The crimson imp is attracted toward you.
Unknown command.
You barely miss Natasha. Your grab misses Natasha.
Natasha is almost dead.
Natasha claws you!
You die...

##### ### .....# ....# #..
.....# ....########## #.#
.....# ....##.......# #.#
.....# ....##.......# #@#
.....#
.............###h##.....##
....##########..55........
.................†5.......
....................>.....
....#.########............
....#.# #.......§....
....... #............
#####... #............


You could see an iron imp (summoned), Natasha, a crimson imp (summoned) and a
white imp (summoned).

Vanquished Creatures
  2 endoplasms
  A giant cockroach (D:1)
  3 goblins (D:1)
  3 hobgoblins
  A kobold (D:2)
  3 quokkas
  2 bats (D:1)
  A frilled lizard (D:1)
16 creatures vanquished.

Vanquished Creatures (collateral kills)
  Terence (D:2)
  A ball python (D:2)
  A kobold (D:2)
3 creatures vanquished.

Grand Total: 19 creatures vanquished

Notes
Turn   | Place    | Note
-------+----------+-------------------------------------------
     0 | D:1      | DoIIoM the Octopode Summoner began the quest for the Orb.
     0 | D:1      | Reached XP level 1. HP: 11/11 MP: 3/3
     3 | D:1      | Noticed an electric eel
   798 | D:1      | Reached XP level 2. HP: 17/17 MP: 5/5
   818 | D:1      | Learned a level 2 spell: Call Imp
  1242 | D:1      | Found a faded altar of an unknown god.
  1521 | D:2      | Noticed Terence
  1538 | D:2      | Killed Terence
  1539 | D:2      | Reached XP level 3. HP: 21/21 MP: 2/7
  1687 | D:2      | Noticed Natasha
  1691 | D:2      | Gained mutation: You are partially covered in large bone
                  | plates. (SH +4) [potion of mutation]
  1700 | D:2      | Slain by Natasha

Illustrated notes

Levels and vault maps discovered:
D:1:      arrival_aquarium_a, layout_rooms, shapermc_ecumenical_altar_ellora
D:2:      layout_basic, serial_shops, shop_fountains, uniq_terence,
          uniq_natasha, uniq_robin

Skill      XL: |  1 |
---------------+----+-----
Stealth        | 3 |  3.0
Dodging        | |  2.0
Spellcasting   | |  2.9
Summonings     | |  4.6

Action                   || total
-------------------------++-------
Melee: Hand axe          ||     7
       Mace              ||    33
       Constrict         ||     5
       Tentacles         ||     4
 Cast: Call Imp          ||     4
  Use: Scroll            ||     1
       Potion            ||     3
 Stab: Sleeping          ||     3
Armor: Skin              ||     6
Dodge: Dodged            ||    40
Block: Other             ||     5
